 Dungeon Crawl Stone Soup version 0.18-a0-1577-gf591c28 (webtiles) character file.

143 M4edhros the Sneak (level 5, -3/33 HPs)
             Began as an Octopode Artificer on Mar 24, 2016.
             Slain by a giant frog (5 damage)
             ... on level 3 of the Dungeon.
             The game lasted 00:02:50 (2300 turns).

M4edhros the Sneak (Octopode Artificer)             Turns: 2300, Time: 00:02:51

Health: -3/33      AC:  1    Str: 14 (16) XL:     5   Next: 25%
Magic:  7/7        EV: 13    Int: 11 (14) God:
Gold:   141        SH:  0    Dex: 13      Spells: 0 memorised, 4 levels left

rFire  . . .     SeeInvis .     v - +1 short sword (venom)
rCold  . . .     Gourm    .     (no shield)
rNeg   . . .     Faith    .     (helmet restricted)
rPois  .         Spirit   .     (no amulet)
rElec  .         Dismiss  .     i - ring of wizardry
rCorr  +         Reflect  .     w - ring of resist corrosion
SustAt .         Harm     .     (no ring)
MR     .....                    (no ring)
Stlth  ++++......               (no ring)
                                (no ring)
                                (no ring)
                                (no ring)

@: mighty, invisible, not resistant to hostile enchantments, stealthy
A: almost no armour, amphibious, 8 rings, constrict 8, camouflage 1, gelatinous
body 1
a: no special abilities


You were on level 3 of the Dungeon.
You were not hungry.

You visited 1 branch of the dungeon, and saw 3 of its levels.

You collected 141 gold pieces.

Inventory:

Hand Weapons
 a - a +0 short sword
 g - a +0 trident
 v - a +1 short sword of venom (weapon)
Missiles
 r - 42 stones (quivered)
 u - 13 sling bullets
Jewellery
 i - a ring of wizardry (left tentacle)
 w - a ring of resist corrosion (right tentacle)
Wands
 b - a wand of flame (14/48)
 c - a wand of enslavement (15/24)
 d - a wand of random effects (15/48)
 n - a wand of enslavement (14/24)
Scrolls
 e - 9 scrolls of identify {unknown}
 h - 3 scrolls of amnesia {unknown}
 k - a scroll of teleportation {unknown}
 l - a scroll of blinking {unknown}
 o - a scroll of random uselessness {unknown}
 y - a scroll of enchant armour {unknown}
 z - a scroll of recharging {unknown}
Potions
 j - a potion of cure mutation {unknown}
 q - a potion of haste {unknown}
 t - a potion of agility {unknown}
 x - a potion of might
Comestibles
 f - 2 bread rations
 p - a meat ration
 s - a slice of pizza


   Skills:
 - Level 1.0 Fighting
 - Level 1.0 Short Blades
 + Level 3.4 Dodging
 * Level 5.8 Stealth
 - Level 3.2 Evocations


You had 4 spell levels left.
You didn't know any spells.

Dungeon Overview and Level Annotations

Branches:
Dungeon (3/15)

Altars:


Innate Abilities, Weirdness & Mutations

You cannot wear most types of armour.
You are amphibious.
You can wear up to eight rings at the same time.
You can use your tentacles to constrict eight enemies at once.
Your skin changes colour to match your surroundings (Stealth).
Your rubbery body absorbs attacks (AC +1).


Message History

You release your grip on the giant frog.
The rat barely misses you. The giant frog hits you.
You see here a tomahawk.
Drink which item? (? for menu, Esc to quit)
It was a potion of might.
You feel very mighty all of a sudden. The giant frog completely misses you.
The rat closely misses you.
You puncture the giant frog!
The giant frog is poisoned.
Your grab misses the giant frog. Your squeeze misses the giant frog.
The giant frog is heavily wounded.
The giant frog hits you but does no damage.
The rat bites you.
* * * LOW HITPOINT WARNING * * *
The giant frog hits you.
* * * LOW HITPOINT WARNING * * *
Drink which item? (? for menu, Esc to quit)
It was a potion of invisibility.
You fade into invisibility!
The giant frog hits you.
You die...

.. #### ...#... .....[.
...#... ....... .......
#........
.......##........
........#........
.......o#........ ...#
..........Fr........ ...#
..........#@........
...##..........#.........
...............##.#####+
.......####.... #.##
.......# ...... #.(####.#
.......##$....# ##......#
.......##..... #..#####
........# #..## ........#
##..#


You could see a giant frog, an orc and a rat.

Vanquished Creatures
  Natasha (D:2)
  3 adders
  An ooze (D:2)
  2 dart slugs (D:2)
  2 worms
  2 giant geckos (D:2)
  5 orcs (D:3)
  10 bats
  5 giant cockroaches
  7 goblins
  9 hobgoblins
  11 kobolds
  4 ball pythons
  2 giant newts
  6 rats
70 creatures vanquished.

Notes
Turn   | Place    | Note
--------------------------------------------------------------
     0 | D:1      | M4edhros the Octopode Artificer began the quest for the Orb.
     0 | D:1      | Reached XP level 1. HP: 13/13 MP: 3/3
    73 | D:1      | Reached skill level 2 in Stealth
    96 | D:1      | Reached XP level 2. HP: 16/18 MP: 4/4
   217 | D:1      | Reached skill level 3 in Stealth
   584 | D:2      | Reached XP level 3. HP: 16/23 MP: 5/5
   758 | D:2      | Noticed Natasha
   773 | D:2      | Killed Natasha
   773 | D:2      | Reached skill level 4 in Stealth
   773 | D:2      | Reached XP level 4. HP: 28/28 MP: 6/6
  1408 | D:2      | Reached skill level 5 in Stealth
  2039 | D:3      | Reached XP level 5. HP: 25/33 MP: 7/7
  2300 | D:3      | Slain by a giant frog

Vault maps used:
D:1:      dpeg_arrival_erosion
D:2:      uniq_natasha

Skill      XL: |  1  2  3  4 |
---------------+-------------+-----
Stealth        | 2 3 4 5 |  5.8
Dodging        | 3 |  3.4
Fighting       | |  1.0
Short Blades   | |  1.0
Evocations     | |  3.2

Action                   |  1- 3 |  4- 6 || total
-------------------------+-------+-------++-------
Melee: Short sword       |    41 |    27 ||    68
       Trident           |       |    80 ||    80
Evoke: Wand              |       |     1 ||     1
  Use: Potion            |     2 |     2 ||     4
 Stab: Sleeping          |     7 |    18 ||    25
       Distracted        |       |     1 ||     1
  Eat: Chunk             |       |     5 ||     5
